AoeStats
← Infadel

Arabia

510261341Analyzed
1v1 RM · 1d ago on Sep 30, 2026· 54m 15s· 2 players
Game mode
Random Map
Map size
Tiny (2 player)
Population
200
Speed
Normal
Resources
Standard
Victory
Conquest
Starting age
Dark Age
Ending age
Imperial Age
RankedLock teamsTeams togetherTeam positionsShared explorationLock speedFull tech treeHidden civsTurbo modeCheats
Victory
Defeat
🇮🇳 Burgundians · India
1076
+16
🇨🇳 Magyars · China
1074
-16
巨浪大切
8:16 Loom
10:49 Feudal Age
12:07 Double-Bit Axe
21:19 Castle Age
19:43 Fletching
19:53 Padded Archer Armor
20:42 Bloodlines
21:50 Light Cavalry
22:46 Husbandry
23:19 Bow Saw
22:51 Horse Collar
25:48 Bodkin Arrow
26:00 Scale Barding Armor
27:38 Heavy Plow
29:39 Wheelbarrow
29:24 Leather Archer Armor
30:50 Hand Cart
31:31 Ballistics
33:46 Imperial Age
32:10 Chain Barding Armor
34:13 Cavalier
34:17 Heavy Cavalry Archer
35:44 Bracer
36:22 Thumb Ring
38:50 Two-Man Saw
38:57 Parthian Tactics
38:34 Town Watch
40:49 Ring Archer Armor
42:32 Plate Barding Armor
42:20 Gold Mining
42:26 Stone Mining
44:24 Chemistry
43:20 Murder Holes
44:44 Gold Shaft Mining
43:53 Treadmill Crane
44:00 Hussar
48:40 Cavalier
Infadel
8:33 Loom
10:39 Feudal Age
8:57 Double-Bit Axe
11:58 Bow Saw
12:28 Wheelbarrow
20:07 Forging
20:00 Gold Mining
22:50 Castle Age
21:59 Stone Mining
22:53 Horse Collar
24:59 Two-Man Saw
25:33 Town Watch
26:50 Scale Barding Armor
28:01 Hand Cart
30:00 Iron Casting
29:45 Chain Barding Armor
32:10 Gold Shaft Mining
31:38 Fletching
31:51 Cavalier
32:34 Bodkin Arrow
32:25 Light Cavalry
37:37 Imperial Age
37:39 Elite Skirmisher
38:30 Heavy Plow
39:12 Bracer
40:13 Blast Furnace
39:13 Padded Archer Armor
41:14 Plate Barding Armor
41:49 Crop Rotation
42:29 Stone Shaft Mining
43:38 Leather Archer Armor
49:02 Paladin
50:11 Conscription
Connection lost

Rejoining the realm…

Still unreachable

The connection could not be restored.

Session expired

The server has moved on; the page needs a fresh start.